Map: Prion Terraces

Players

Haspe

  • Race: Terran Terran
  • League: Grandmaster

HolyHit - Winner!

  • Race: Protoss Protoss
  • League: Master

Event: Gauntlet LotV Series 1 Qualifier 1

VOD

Have the link to the VOD?

Description

Time

  • Played on: Nov. 22, 2015, 3:33 p.m.
  • Length: 8:53

All games in this series

Show
View Real Time Build Order
Export as new Build Order

Haspe Terran 

Build Orders: 1/1/1, Banshee Rush 

Get SALT Encoding   

  12  0:00  SCV  
  13  0:13  SCV  
  14  0:17  Supply Depot  
  14  0:25  Refinery  
  14  0:27  SCV  
  15  0:41  Barracks  
  15  0:45  SCV  
  16  0:57  SCV  
  16  0:59  Refinery  
  17  1:10  SCV  
  18  1:28  Factory  
  18  1:29  Orbital Command  
  18  1:33  Marine  
  19  1:45  Supply Depot  
  19  1:52  Barracks Tech Lab  
  19  1:55  SCV  
  20  2:07  SCV  
  21  2:14  Starport  
  21  2:15  Widow Mine  
  21  2:19  SCV  
  21  2:22  Barracks Reactor  
  24  2:31  SCV  
  24  2:35  Supply Depot  
  25  2:43  SCV  
  25  2:44  Widow Mine  
  26  2:50  Banshee  
  31  2:53  Cloaking Field  
  31  2:57  SCV  
  32  3:02  Marine x2  
  34  3:08  Supply Depot  
  34  3:11  SCV  
  35  3:13  Factory Tech Lab  
  35  3:21  Marine x2  
  37  3:27  SCV  
  37  3:31  Supply Depot  
  37  3:33  Raven  
  40  3:39  SCV, Marine x2  
  43  3:52  SCV  
  44  3:56  Supply Depot  
  44  3:57  Marine x2  
  44  3:59  Siege Tank  
  49  4:04  SCV, Liberator  
  50  4:15  Marine x2  
  52  4:17  SCV  
  56  4:29  SCV  
  57  4:32  Supply Depot  
  57  4:33  Marine x2  
  59  4:41  SCV  
  59  4:45  Siege Tank  
  63  4:53  Marine x2  
  63  4:54  Supply Depot  
  63  4:55  SCV  
  63  4:58  Liberator  
  66  5:08  SCV  
  66  5:11  Marine x2  
  69  5:17  Supply Depot  
  72  5:27  SCV  
  73  5:29  Marine x2  
  75  5:39  SCV, Siege Tank  
  79  5:47  Marine x2  
  81  5:51  SCV  
  82  5:59  Supply Depot x2  
  82  6:03  SCV, Liberator  
  83  6:05  Marine x2  
  85  6:24  SCV, Marine x2  
  88  6:47  Marine x2  
  78  7:00  SCV  
  75  7:03  Siege Tank  
  75  7:04  Marine x2  
  80  7:10  Liberator  
  80  7:20  SCV  
  80  7:22  Marine x2  
  84  7:32  SCV  
  84  7:33  Bunker  
  85  7:40  Marine x2  
  78  7:53  SCV, Siege Tank  
  78  7:58  Marine x2  
  70  8:16  Marine x2  
  72  8:24  SCV  
  68  8:33  Marine  
  68  8:34  Marine  
  55  8:37  SCV  
Show
View Real Time Build Order
Export as new Build Order

HolyHit Protoss - Winner!

Build Orders: 1 Gate Expand, Oracle Opening, Phoenix Opening 

Get SALT Encoding   

  12  0:00  Probe (Chrono Boost)  
  13  0:11  Probe (Chrono Boost)  
  14  0:17  Pylon  
  14  0:22  Probe (Chrono Boost)  
  16  0:36  Probe (Chrono Boost), Gateway  
  16  0:42  Assimilator  
  16  0:46  Probe (Chrono Boost)  
  17  0:57  Probe (Chrono Boost)  
  18  1:07  Probe (Chrono Boost)  
  19  1:18  Probe (Chrono Boost)  
  20  1:23  Nexus  
  20  1:28  Probe (Chrono Boost)  
  21  1:37  Cybernetics Core  
  21  1:39  Probe (Chrono Boost)  
  22  1:45  Assimilator  
  22  1:50  Probe (Chrono Boost)  
  23  1:54  Pylon  
  23  2:09  Warp Gate  
  23  2:13  Adept  
  23  2:14  Mothership Core (Chrono Boost)  
  27  2:32  Probe (Chrono Boost)  
  27  2:36  Probe (Chrono Boost)  
  29  2:42  Stargate  
  29  2:43  Probe (Chrono Boost)  
  30  2:46  Probe (Chrono Boost)  
  30  2:49  Stalker  
  33  2:52  Pylon  
  33  2:53  Probe (Chrono Boost)  
  33  2:57  Probe (Chrono Boost)  
  35  3:01  Assimilator  
  35  3:04  Probe (Chrono Boost)  
  36  3:07  Probe (Chrono Boost)  
  37  3:15  Probe (Chrono Boost)  
  37  3:17  Probe (Chrono Boost)  
  39  3:25  Probe (Chrono Boost), Oracle (Chrono Boost)  
  43  3:29  Probe  
  44  3:34  Pylon  
  44  3:37  Probe  
  44  3:41  Probe  
  46  3:42  Robotics Facility  
  46  3:49  Probe, Assimilator  
  46  3:53  Probe  
  48  3:57  Phoenix (Chrono Boost)  
  48  4:01  Probe  
  51  4:05  Probe  
  51  4:12  Pylon  
  51  4:19  Phoenix (Chrono Boost)  
  51  4:21  Probe x2  
  55  4:24  Stalker  
  56  4:33  Observer  
  56  4:34  Gateway, Probe  
  56  4:37  Gateway  
  58  4:43  Pylon  
  58  4:48  Probe x2  
  58  4:52  Phoenix (Chrono Boost)  
  62  4:58  Immortal  
  66  5:00  Probe  
  66  5:04  Probe  
  68  5:11  Gateway  
  68  5:14  Pylon  
  68  5:16  Stalker  
  68  5:21  Probe  
  71  5:24  Phoenix (Chrono Boost)  
  73  5:30  Pylon  
  73  5:38  Pylon  
  73  5:39  Immortal  
  77  5:47  Pylon  
  77  5:51  Stalker x2  
  77  5:54  Sentry  
  83  5:59  Phoenix (Chrono Boost)  
  85  6:15  Stalker  
  85  6:16  Stalker  
  87  6:20  Phoenix (Chrono Boost)  
  89  6:27  Stalker, Robotics Bay  
  91  6:36  Pylon  
  88  6:48  Phoenix (Chrono Boost)  
  88  6:56  Stalker  
  88  6:57  Stalker x3  
  90  7:02  Pylon  
  94  7:08  Pylon  
  94  7:13  Pylon  
  92  7:26  Zealot x4  
  92  7:27  Disruptor (Chrono Boost)  
  95  7:32  Phoenix (Chrono Boost)  
  95  7:36  Pylon  
  76  7:54  Zealot x4  
  84  8:00  Disruptor (Chrono Boost)  
  81  8:13  Mothership Core (Chrono Boost)  
  81  8:15  Stalker x2  
  81  8:16  Stalker  
  89  8:22  Adept  
  60  8:39  Probe (Chrono Boost)  
  60  8:40  Probe (Chrono Boost)  
  57  8:45  Adept x3  
Tags
 
Add a new tag
Caveats
  • Supply blocks, unpowered buildings, or Contaminate may cause inaccurate times.
  • Supply counts are checked every 10 seconds.